 Dungeon Crawl Stone Soup version 0.24-a0-479-g9a978d2 (webtiles) character file.

Game seed: 9955806818300299489

4739 robbits the Blocker (level 10, -13/79 HPs)
             Began as a Formicid Fighter on July 8, 2019.
             Was a High Priest of Uskayaw.
             Mangled by a two-headed ogre
             ... wielding a +0 giant club
              (28 damage)
             ... on level 9 of the Dungeon.
             The game lasted 00:12:27 (8787 turns).

robbits the Blocker (Formicid Fighter)              Turns: 8787, Time: 00:12:28

Health: -13/79     AC:  9    Str: 24    XL:     10   Next: 74%
Magic:  14/14      EV:  9    Int:  8    God:    Uskayaw [*****.]
Gold:   381        SH: 11    Dex: 10    Spells: 9/9 levels left

rFire    . . .     SeeInvis +   a - +1 war axe
rCold    + . .     Gourm    .   c - +0 shield
rNeg     . . .     Faith    .   y - +2 scale mail {rF+}
rPois    .         Spirit   .   (helmet unavailable)
rElec    .         Reflect  .   (no cloak)
rCorr    .         Harm     .   (no gloves)
MR       ++...                  (no boots)
Stlth    ..........             (no amulet)
HPRegen  0.23/turn              g - ring of ice
MPRegen  0.14/turn              E - ring of protection from magic

@: lightly drained
A: permanent stasis, dig shafts and tunnels, four strong arms, antennae 3
a: Dig, Shaft Self, Stomp, Line Pass, Grand Finale, Renounce Religion


You were on level 9 of the Dungeon.
You worshipped Uskayaw.
Uskayaw was noncommittal.
You were not hungry.

You visited 2 branches of the dungeon, and saw 10 of its levels.

You collected 381 gold pieces.

Inventory:

Hand Weapons
 a - a +1 war axe (weapon)
Armour
 c - a +0 shield (worn)
 y - a +2 scale mail of fire resistance (worn)
 D - the +2 robe of Elyvilon's Pride {Regen+}
   (You found it on level 9 of the Dungeon)

   It increases your rate of regeneration.
Jewellery
 g - a ring of ice (left hand)
 E - a ring of protection from magic (right hand)
Wands
 e - a wand of acid (14)
 z - a wand of polymorph (8)
 C - a wand of clouds (8)
Scrolls
 j - a scroll of enchant weapon
 k - 4 scrolls of magic mapping
 l - a scroll of fear
 n - a scroll of fog
 s - 2 scrolls of remove curse
 u - 2 scrolls of amnesia
 B - a scroll of summoning {unknown}
Potions
 d - a potion of might
 h - a potion of brilliance
 i - 2 potions of magic
 m - 2 potions of cancellation
 o - 5 potions of curing
 q - a potion of resistance {unknown}
 r - 2 potions of mutation
 t - a potion of lignification {unknown}
 v - 3 potions of heal wounds
 x - a potion of flight
Comestibles
 f - 11 rations


   Skills:
 + Level 7.4(6.8) Fighting
 * Level 9.0(8.4) Axes
 + Level 7.6(6.9) Armour
 - Level 9.3(8.6) Shields
 + Level 5.6(5.0) Invocations


You had 9 spell levels left.
You didn't know any spells.
Your spell library contained the following spells:

 Spells                   Type           Power        Failure   Level  Hunger
 Confusing Touch          Hex            #.....       71%         1    ##.....
 Corona                   Hex            #......      71%         1    ##.....
 Ensorcelled Hibernation  Hex/Ice        #.....       83%         2    ###....
 Confuse                  Hex            #.......     97%         3    ####...
 Dazzling Spray           Conj/Hex       #.....       97%         3    ####...
 Gell's Gravitas          Tloc           #.........   97%         3    ####...
 Tukima's Dance           Hex            #.......     97%         3    ####...
 Petrify                  Tmut/Erth      #.......     100%        4    #####..
 Metabolic Englaciation   Hex/Ice        #.........   100%        5    ######.
 Yara's Violent Unravell  Hex/Tmut       #.........   100%        5    ######.


Dungeon Overview and Level Annotations

Branches:
Dungeon (9/15)             Temple (1/1) D:5            Lair (0/6) D:8
    Orc: D:9-12

Altars:
Ashenzari
Cheibriados
Dithmenos
Elyvilon
Fedhas
Gozag
Hepliaklqana
Kikubaaqudgha
Makhleb
Nemelex Xobeh
Okawaru
Qazlal
Ru
Sif Muna
Trog
Uskayaw
Vehumet
Wu Jian
Xom
Yredelemnul
Zin
The Shining One

Shops:
D:4 *(*:   D:5 [   D:6 %   D:7 *   D:8 }


Innate Abilities, Weirdness & Mutations

You cannot be hasted, slowed, berserked, paralysed or teleported.
You can dig through walls and to a lower floor.
Your four strong arms can wield two-handed weapons with a shield.
You have a pair of large antennae on your head. (SInv)


Message History

The two-headed ogre is severely wounded.
The two-headed ogre closely misses you.
The two-headed ogre hits you with a +0 giant spiked club!
You hit the two-headed ogre but do no damage.
The two-headed ogre is severely wounded.
You block the two-headed ogre's attack.
The two-headed ogre hits you with a +0 giant spiked club!
* * * LOW HITPOINT WARNING * * *
You slash the two-headed ogre!
The two-headed ogre is almost dead.
You can now merge with and destroy a victim.
You closely miss the two-headed ogre.
The two-headed ogre is almost dead.
The two-headed ogre hits you but does no damage.
The two-headed ogre closely misses you.
You slash the two-headed ogre!
The two-headed ogre is almost dead.
The two-headed ogre hits you but does no damage.
The two-headed ogre hits you with a +0 giant spiked club!!
You die...

### #### .?... #...#
##.#.#######...###
.................
......O...##...####
...#.##@####......# ##
........#)...#..#.# #.
........))...#....# #.
...#..#..)##.#..#######.
.............)..........
>.....#.#.#..##.########
..$....>................
##.#...#..#.###.######.#
#..........# #.# #.#


You could see a two-headed ogre.

Vanquished Creatures
  A two-headed ogre (D:8)
  An elephant (D:8)
  A yak (D:8)
  2 basilisks (D:8)
  Menkaure (D:5)
  3 orc warriors
  2 ice beasts (D:8)
  A necrophage (D:8)
  4 sky beasts
  3 phantoms
  4 centaurs
  2 bullfrogs
  2 scorpions
  7 killer bees
  2 howler monkeys (D:9)
  3 wights (D:9)
  2 crimson imps
  A bullfrog zombie (D:8)
  A bullfrog skeleton (D:7)
  A jelly (D:7)
  5 orc priests
  9 orc wizards
  An iguana (D:5)
  5 worker ants
  A howler monkey zombie (D:8)
  11 adders
  3 shadow imps
  2 adder skeletons
  2 worms
  6 leopard geckos
  40 orcs
  5 giant cockroaches
  4 goblins
  11 hobgoblins
  14 jackals
  3 quokkas
  4 ball pythons
  9 bats
  5 frilled lizards
  11 kobolds
  6 rats
201 creatures vanquished.

Vanquished Creatures (others)
  A hound (D:6)
1 creature vanquished.

Grand Total: 202 creatures vanquished

Notes
Turn   | Place    | Note
-------+----------+-------------------------------------------
     0 | D:1      | robbits the Formicid Fighter began the quest for the Orb.
     0 | D:1      | Reached XP level 1. HP: 18/18 MP: 1/1
   156 | D:1      | Reached XP level 2. HP: 22/24 MP: 2/2
   444 | D:1      | Reached XP level 3. HP: 28/29 MP: 3/3
  1150 | D:2      | HP: 1/29 [adder (2)]
  1152 | D:2      | Reached XP level 4. HP: 14/36 MP: 4/4
  1759 | D:3      | Reached XP level 5. HP: 37/42 MP: 5/5
  1881 | D:3      | Found an opulent altar of Gozag.
  2059 | D:3      | Reached skill level 5 in Shields
  2225 | D:3      | Found a glowing silver altar of Zin.
  3016 | D:4      | Found Zuaptalad's Assorted Antiques.
  3216 | D:4      | Found Dugai's Antique Weapon Shoppe.
  3248 | D:4      | Found Jeejujik's Assorted Antiques.
  3262 | D:4      | Reached XP level 6. HP: 43/48 MP: 6/6
  3413 | D:4      | Found Liucuid's Book Boutique.
  3968 | D:5      | Entered Level 5 of the Dungeon
  3968 | D:5      | Noticed a sky beast
  3984 | D:4      | Killed a sky beast
  3984 | D:4      | Reached XP level 7. HP: 55/55 MP: 7/7
  4023 | D:5      | Found a staircase to the Ecumenical Temple.
  4057 | Temple   | Entered the Ecumenical Temple
  4064 | Temple   | Became a worshipper of Uskayaw the Reveler
  4153 | D:5      | Reached * piety under Uskayaw
  4175 | D:5      | Noticed Menkaure
  4181 | D:5      | Reached ** piety under Uskayaw
  4183 | D:5      | Reached *** piety under Uskayaw
  4184 | D:5      | Killed Menkaure
  4490 | D:5      | Reached skill level 5 in Axes
  4627 | D:5      | Found Pejas's Antique Armour Emporium.
  4640 | D:5      | Reached XP level 8. HP: 20/61 MP: 8/8
  4963 | D:5      | Found a sacrificial altar of Ru.
  5093 | D:6      | Reached skill level 5 in Fighting
  5093 | D:6      | Reached skill level 5 in Armour
  5319 | D:6      | Reached **** piety under Uskayaw
  5322 | D:6      | Reached ***** piety under Uskayaw
  5335 | D:6      | Reached ****** piety under Uskayaw
  5645 | D:6      | Reached skill level 1 in Invocations
  5653 | D:6      | Found Upneiss's Food Shoppe.
  5906 | D:6      | Reached XP level 9. HP: 56/68 MP: 8/10
  6280 | D:7      | Found a burning altar of Makhleb.
  6554 | D:7      | Found an opulent altar of Gozag.
  6557 | D:7      | Found Gozag's Platinum Reserve.
  6686 | D:7      | Found a radiant altar of Vehumet.
  7040 | D:8      | Noticed a two-headed ogre
  7054 | D:8      | Killed a two-headed ogre
  7359 | D:8      | Reached XP level 10. HP: 59/77 MP: 12/12
  7577 | D:8      | Found Ifuveic's Gadget Emporium.
  7639 | D:8      | Found a shattered altar of Ashenzari.
  7715 | D:8      | Noticed an elephant
  7748 | D:8      | Killed an elephant
  7748 | D:8      | Reached skill level 5 in Invocations
  8035 | D:8      | Found a staircase to the Lair.
  8202 | D:8      | Found a shadowy altar of Dithmenos.
  8666 | D:9      | Got a crude robe
  8690 | D:9      | Identified the +2 robe of Elyvilon's Pride {Regen+} (You
                  | found it on level 9 of the Dungeon)
  8775 | D:9      | Noticed a two-headed ogre
  8787 | D:9      | Mangled by a two-headed ogre

Levels and vault maps discovered:
D:1:      lightli_arrival_flooded_house, layout_loops_ring
D:2:      layout_basic, minmay_heptomino_l4
D:3:      layout_basic, zin_academy, lemuel_crystal_altar, grunt_ministairs_10
D:4:      layout_loops_corners, serial_shops, shop, shop,
          nicolae_shop_waterfront, nicolae_shop_trees
D:5:      layout_cave_pools, nicolae_ru_path_of_blood, minmay_temple_entry_grid,
          first_ration, serial_shops,
          nicolae_shop_temple_entry_statues_fountains, uniq_menkaure
D:6:      layout_basic, serial_shops, nicolae_shop_stone, uniq_sigmund
D:7:      layout_gridville, overflow_temple_1_default, vehumet_crystals,
          minivault_22, nicolae_gozag_zags_fifth_avenue
D:8:      layout_rooms, cheibrodos_ashenzari_chains, grunt_dithmenos_shadows,
          david_lair_generic, serial_shops, nicolae_shop_stone
D:9:      layout_basic
Temple:   minmay_freezing_vapour_temple

Skill      XL: |  1  2  3  4  5  6  7  8  9 10 |
---------------+-------------------------------+-----
Shields        | 4 5 6 8 9 |  9.3
Axes           | 3 4 5 6 7 9 |  9.0
Fighting       | 4 5 6 7 |  7.4
Armour         | 4 5 6 7 |  7.6
Invocations    | 1 3 5 |  5.6

Action                   |  1- 3 |  4- 6 |  7- 9 | 10-12 || total
-------------------------+-------+-------+-------+-------++-------
Melee: War axe           |   122 |   217 |   272 |   171 ||   782
Invok: Line Pass         |       |       |     2 |       ||     2
       Stomp             |       |       |     1 |       ||     1
  Use: Potion            |     2 |       |     1 |       ||     3
       Scroll            |       |     6 |     9 |     4 ||    19
 Stab: Paralysed         |       |       |    20 |    12 ||    32
  Eat: Chunk             |       |    10 |     9 |     1 ||    20
       Ration            |       |       |     1 |     1 ||     2
Armor: Scale mail        |    38 |   100 |   127 |    47 ||   312
Dodge: Dodged            |    44 |    79 |    91 |    71 ||   285
Block: Shield            |    69 |   131 |   184 |    84 ||   468

Table legend:
 A = Non-vault XP
 B = Vault XP
 C = Vault XP percentage of total XP
 D = Non-vault monster count
 E = Vault monster count
 F = Vault count percentage of total count
                 A         B        C        D         E       F
            +---------+---------+-------+---------+---------+-------
      Total |    5539 |    1232 |  18.2 |     189 |      13 |   6.4
            +---------+---------+-------+---------+---------+-------
        D:1 |      32 |       0 |   0.0 |      22 |       0 |   0.0
        D:2 |      87 |       7 |   7.4 |      29 |       3 |   9.4
        D:3 |     111 |      10 |   8.3 |      17 |       4 |  19.0
        D:4 |     329 |       0 |   0.0 |      13 |       0 |   0.0
        D:5 |     349 |     172 |  33.0 |      16 |       1 |   5.9
        D:6 |     887 |       0 |   0.0 |      33 |       0 |   0.0
        D:7 |     687 |       0 |   0.0 |      16 |       0 |   0.0
        D:8 |    2083 |    1043 |  33.4 |      25 |       5 |  16.7
        D:9 |     974 |       0 |   0.0 |      18 |       0 |   0.0
            +---------+---------+-------+---------+---------+-------
